 Dungeon Crawl Stone Soup version 0.19-GnollCrawlA-1-g03664ee (webtiles) character file.

39 bananaken the Grasshopper (level 1, 0/10 HPs)
             Began as a Spriggan Warper on Feb 8, 2017.
             Was an Initiate of Yredelemnul.
             Slain by a gnoll
             ... wielding a cursed -3 club
              (5 damage)
             ... on level 1 of the Dungeon.
             The game lasted 00:04:20 (667 turns).

bananaken the Grasshopper (Spriggan Warper)          Turns: 667, Time: 00:04:20

Health: 0/10       AC:  2    Str:  7    XL:     1   Next: 0%
Magic:  5/5        EV: 18    Int: 14    God:    Yredelemnul [......]
Gold:   16         SH:  0    Dex: 15    Spells: 1 memorised, 4 levels left

rFire  . . .     SeeInvis +     a - +0 spear
rCold  . . .     Gourm    .     b - +0 robe
rNeg   . . .     Faith    .     (shield currently unavailable)
rPois  .         Spirit   .     (helmet restricted)
rElec  .         Dismiss  .     (no cloak)
rCorr  .         Reflect  .     (gloves unavailable)
SustAt .         Harm     .     (boots unavailable)
MR     .....                    (no amulet)
Stlth  +.........               (no ring)
                                h - ring of wizardry

@: very slightly contaminated, very quick
A: unfitting armour, see invisible, herbivore 3, speed 3, slow metabolism 2
a: Renounce Religion


You were on level 1 of the Dungeon.
You worshipped Yredelemnul.
Yredelemnul was noncommittal.
You were not hungry.

You visited 2 branches of the dungeon, and saw 3 of its levels.

You collected 16 gold pieces.

Inventory:

Hand Weapons
 a - a +0 spear (weapon)
Missiles
 e - 5 tomahawks of dispersal (quivered)
Armour
 b - a +0 robe (worn)
Jewellery
 h - a ring of wizardry (left hand)
Potions
 g - a potion of flight
Books
 c - a book of Spatial Translocations

   Spells                             Type                      Level
   a - Apportation                    Translocation                1
   b - Blink                          Translocation                2
   c - Shroud of Golubria             Charms/Translocation         2
   d - Portal Projectile              Translocation                3
   e - Teleport Other                 Translocation                3
   f - Passage of Golubria            Translocation                4
Comestibles
 f - a bread ration


   Skills:
 + Level 1.5 Fighting
 + Level 1.3 Polearms
 + Level 1.0 Throwing
 + Level 3.5 Dodging
 + Level 2.6 Spellcasting
 + Level 4.4 Translocations


You had 4 spell levels left.
You knew the following spells:

 Your Spells              Type           Power        Failure   Level  Hunger
a - Apportation           Tloc           ##........   1%          1    #......


Dungeon Overview and Level Annotations

Branches:
Dungeon (2/15)             Temple (1/1) D:1

Altars:
Ashenzari
Elyvilon
Fedhas
Gozag
Hepliaklqana
Kikubaaqudgha
Makhleb
Nemelex Xobeh
Okawaru
Pakellas
Ru
Sif Muna
Uskayaw
Vehumet
Xom
Yredelemnul
Zin
The Shining One


Innate Abilities, Weirdness & Mutations

You are tiny and cannot use many weapons and most armour.
You have supernaturally acute eyesight. (SInv)
You are a herbivore.
You cover ground extremely quickly.
You need consume almost no food.


Message History

Aim: a gnoll, wielding a club (moderately wounded)
You reach to attack!
You hit the gnoll.
The gnoll is heavily wounded.
You hit the gnoll.
The gnoll is severely wounded.
The gnoll barely misses you.
Attack whom?
Press: ? - help, Dir - move target cursor, f/p - gnoll
Aim: a gnoll, wielding a club (severely wounded)
You reach to attack!
You hit the gnoll.
The gnoll is almost dead.
Attack whom?
Press: ? - help, Dir - move target cursor, f/p - gnoll
Aim: a gnoll, wielding a club (almost dead)
You reach to attack!
You hit the gnoll but do no damage.
The gnoll is almost dead.
The gnoll hits you with a club.
Ouch! That really hurt!
You die...
Your body rises from the dead as a mindless zombie.

#.## ##...# #.#
#####.###..#.######.#
#.........≈#≈....##.#
#.####g....≈......#.#
#.###...............#
#.##..≈..........≈..###
#.#..≈§g.........≈≈....
#.....g...§§....§.§...#
#.....@§§≈≈§§≈≈§.......
#......§≈§####§§.......
#......§§## ##≈.§...§#
#.≈.....≈# #§....≈##
#.#≈....≈# #§.....≈.
#.≈.....§## ##§.......
##......≈≈####≈§......#
#.......≈§≈≈§§.......#
#§...................#


You could see 3 gnolls.

Vanquished Creatures
  4 gnolls (D:1)
4 creatures vanquished.

Notes
Turn   | Place    | Note
-------+----------+-------------------------------------------
     0 | D:1      | bananaken the Spriggan Warper began the quest for the Orb.
     0 | D:1      | Reached XP level 1. HP: 10/10 MP: 5/5
     0 | D:1      | Found a staircase to the Ecumenical Temple.
    18 | Temple   | Entered the Ecumenical Temple
   160 | Temple   | Became a worshipper of Yredelemnul the Dark
   667 | D:1      | Slain by a gnoll

Action                   || total
-------------------------++-------
Melee: Spear             ||    70
 Cast: Apportation       ||     2
  Use: Scroll            ||     3
Dodge: Dodged            ||    11
